 Dungeon Crawl Stone Soup version 0.28-a0-476-g0f06bd746f (webtiles) character file.

Game seed: 11424501773852660100

219 TrogsFancyHat the Chopper (level 5, -2/48 HPs)
             Began as a Hill Orc Monk on Sept 16, 2021.
             Succumbed to Crazy Yiuf's poison
             ... on level 4 of the Dungeon.
             The game lasted 00:03:23 (3729 turns).

TrogsFancyHat the Chopper (Hill Orc Monk)           Turns: 3729, Time: 00:03:23

Health: -2/48      AC:  7    Str: 15    XL:     5   Next: 96%
Magic:  5/5        EV: 11    Int: 10    God:
Gold:   247        SH:  0    Dex: 13    Spells: 4/4 levels left

rFire   . . .      SeeInvis .   d - +4 dagger
rCold   . . .      Faith    .   (no shield)
rNeg    . . .      Spirit   .   c - +0 ring mail
rPois   .          Reflect  .   f - +0 helmet
rElec   .          Harm     .   (no cloak)
rCorr   .          Rampage  .   (no gloves)
Will    .....                   s - +0 pair of boots
Stlth   +.........              (no amulet)
HPRegen 0.16/turn               (no ring)
MPRegen 0.09/turn               (no ring)

@: lethally poisoned (-2 -> -14)
A: no striking features
a: no special abilities


You were on level 4 of the Dungeon.
You visited 1 branch of the dungeon, and saw 4 of its levels.

You collected 301 gold pieces.
You spent 54 gold pieces at shops.

Inventory:

Hand Weapons
 a - a +0 hand axe
 d - a +4 dagger (weapon)
Armour
 c - a +0 ring mail (worn)
 f - a +0 helmet (worn)
 s - a +0 pair of boots (worn)
Wands
 o - a wand of digging (2)
Scrolls
 b - 5 scrolls of teleportation {unknown}
 e - 2 scrolls of identify {unknown}
 g - 2 scrolls of enchant armour {unknown}
 k - 2 scrolls of magic mapping {unknown}
 l - a scroll of fog {unknown}
 p - a scroll of fear {unknown}
 r - a scroll of brand weapon {unknown}
 t - a scroll of noise {unknown}
Potions
 h - 3 potions of haste {unknown}
 i - a potion of attraction {unknown}
 j - a potion of invisibility {unknown}
 m - a potion of brilliance {unknown}
 n - a potion of lignification {unknown}
 q - a potion of heal wounds {unknown}


   Skills:
 + Level 5.3 Fighting
 + Level 5.8 Axes
 + Level 3.6 Dodging
 - Level 1.5 Stealth


You had 4 spell levels left.
You didn't know any spells.
Your spell library contained the following spells:

 Spells                   Type           Power      Damage    Failure   Level
 Fireball                 Conj/Fire      0%         3d3       100%        5
 Iskenderun's Battlesphe  Conj           0%         2d6       100%        5
 Conjure Ball Lightning   Conj/Air       0%         3x3d6     100%        6
 Orb of Destruction       Conj           0%         N/A       100%        7


Dungeon Overview and Level Annotations

Branches:
Dungeon (4/15)             Temple (0/1) D:4

Altars:
Dithmenos
Gozag

Shops:
D:4 [

Annotations:
D:4 Crazy Yiuf


Message History

You open the door. You hit Crazy Yiuf.
Crazy Yiuf is moderately wounded.
Crazy Yiuf screams, "Orb!"
Crazy Yiuf closely misses you.
You hit Crazy Yiuf.
Crazy Yiuf is moderately wounded.
Crazy Yiuf misses you.
You hit Crazy Yiuf.
Crazy Yiuf is heavily wounded.
Crazy Yiuf hits you with a +3 quarterstaff of chaos.
Crazy Yiuf burns you.
You hit Crazy Yiuf but do no damage.
Crazy Yiuf is heavily wounded.
Crazy Yiuf cries, "Liver!"
Crazy Yiuf barely misses you.
You hit Crazy Yiuf.
Crazy Yiuf is severely wounded.
Crazy Yiuf closely misses you.
You closely miss Crazy Yiuf.
Crazy Yiuf is severely wounded.
Crazy Yiuf hits you with a +3 quarterstaff of chaos.
You are electrocuted!
You hit Crazy Yiuf.
Crazy Yiuf is almost dead.
Crazy Yiuf barely misses you.
You closely miss Crazy Yiuf.
Crazy Yiuf is almost dead.
Crazy Yiuf hits you with a +3 quarterstaff of chaos!
* * * LOW HITPOINT WARNING * * *
Crazy Yiuf burns you.
* * * LOW HITPOINT WARNING * * *
You hit Crazy Yiuf.
Crazy Yiuf is almost dead.
Crazy Yiuf hits you with a +3 quarterstaff of chaos.
* * * LOW HITPOINT WARNING * * *
You are lethally poisoned!
You hit Crazy Yiuf but do no damage.
Crazy Yiuf is almost dead.
You die...

#...# #+##
##### .
#).)# #...
##### #)))#
..>..##...#
)))
.........<.
#g#
...........
♣♣@♣
####'###....
♣)♣♣
#.....##...#
♣♣)♣
#.....######
♣)♣♣
#...........
♣♣.♣♣
#.....##....
♣)..♣♣
#.######....
♣....♣ #.#
#.....
#....# #.#
##...#
#....####.#
#####


You could see Crazy Yiuf.

Vanquished Creatures
  A centaur zombie (D:4)
  A hound (D:4)
  A bullfrog skeleton (D:4)
  A hound skeleton (D:4)
  6 adders
  A dart slug (D:2)
  An orc (D:4)
  6 endoplasms
  4 giant cockroaches
  4 goblins
  4 hobgoblins
  3 jackals (D:2)
  A kobold (D:3)
  7 quokkas
  2 ball pythons
  11 bats
  2 frilled lizards
  5 rats
61 creatures vanquished.

Vanquished Creatures (others)
  A plant (D:1)
1 creature vanquished.

Grand Total: 62 creatures vanquished

Notes
Turn   | Place    | Note
-------+----------+-------------------------------------------
     0 | D:1      | TrogsFancyHat the Hill Orc Monk began the quest for the
                  | Orb.
     0 | D:1      | Reached XP level 1. HP: 19/19 MP: 1/1
   347 | D:1      | Reached XP level 2. HP: 26/27 MP: 2/2
   936 | D:2      | Reached XP level 3. HP: 33/33 MP: 3/3
  1640 | D:2      | Reached XP level 4. HP: 33/41 MP: 4/4
  1805 | D:2      | Reached skill level 5 in Axes
  2221 | D:3      | Found an opulent altar of Gozag.
  2815 | D:4      | Noticed a centaur
  3110 | D:4      | Found a staircase to the Ecumenical Temple.
  3135 | D:4      | Reached XP level 5. HP: 42/47 MP: 5/5
  3409 | D:4      | Reached skill level 5 in Fighting
  3490 | D:4      | Found Mierog's Armour Emporium.
  3499 | D:4      | Bought a +0 pair of boots for 54 gold pieces
  3505 | D:4      | Found a shadowy altar of Dithmenos.
  3714 | D:4      | Found a runed translucent door.
  3715 | D:4      | Noticed Crazy Yiuf
  3728 | D:4      | HP: 1/48 [Crazy Yiuf (6)]
  3729 | D:4      | Succumbed to Crazy Yiuf's poison

Illustrated notes

Levels and vault maps discovered:
D:1:      denvon_arrival_planthouse, layout_basic, minmay_misc_feat_rows,
          solitary_fountain, minmay_bisected
D:2:      layout_basic, kennysheep_generic_room_13
D:3:      layout_basic, amcnicky_altar_gilded, serial_rivers,
          chequers_serial_rivers_micro_e, chequers_serial_rivers_large_a,
          chequers_serial_rivers_small_3, chequers_serial_rivers_small_3
D:4:      layout_gridville, nicolae_dithmenos_the_darkroom, temple_fountains,
          serial_shops, shop_statue, minmay_misc_feat_tiny,
          minmay_manual_monolith, uniq_crazy_yiuf_cottage

Skill      XL: |  1  2  3  4  5 |
---------------+----------------+-----
Fighting       | 4 5 |  5.3
Dodging        | 3 |  3.6
Axes           | 5 |  5.8
Stealth        | |  1.5

Action                   |  1- 3 |  4- 6 || total
-------------------------+-------+-------++-------
Melee: Dagger            |    80 |   153 ||   233
       Hand axe          |     9 |       ||     9
 Stab: Sleeping          |     1 |     1 ||     2
Armor: Ring mail         |    55 |    69 ||   124
       Robe              |     2 |       ||     2
Dodge: Dodged            |    77 |   113 ||   190

Table legend: (Time is in decaauts)
 A = Elapsed time spent in this place.
 B = Non-inter-level travel time spent in this place.
 C = Inter-level travel time spent in this place.
 D = Time resting spent in this place.
 E = Time spent auto-exploring this place.
 F = Levels seen in this place.
 G = Mean time per level.
                   A        B        C        D        E       F      G
               +--------+--------+--------+--------+--------+-----+--------+
         Total |   3753 |   3676 |     77 |    163 |   2979 |   4 |  938.2 |
       Dungeon |   3753 |   3676 |     77 |    163 |   2979 |   4 |  938.2 |
               +--------+--------+--------+--------+--------+-----+--------+

Top non-repeatable levels by time:
     D:3: 1095 daAuts
     D:2: 994 daAuts
     D:1: 928 daAuts
     D:4: 734 daAuts
